 Dungeon Crawl Stone Soup version 0.30-a0-509-gd016549fea (webtiles) character file.

Game seed: 13076888169017886474

61 Crownlay the Shooter (level 3, -1/30 HPs)
             Began as a Demonspawn Hunter on Dec 22, 2022.
             Slain by Sigmund
             ... wielding a +2 scythe of flaming
              (2 damage)
             ... on level 2 of the Dungeon.
             The game lasted 00:03:04 (1483 turns).

Crownlay the Shooter (Demonspawn Hunter)            Turns: 1483, Time: 00:03:05

Health: -1/30      AC:  6    Str: 11    XL:     3   Next: 83%
Magic:  3/3        EV:  9    Int: 10    God:
Gold:   57         SH:  0    Dex: 18    Spells: 2/2 levels left

rFire   . . .      SeeInvis .    a - +0 shortbow
rCold   . . .      Faith    .    (shield currently unavailable)
rNeg    . . .      Spirit   .    k - +0 scale mail
rPois   .          Reflect  .    (no helmet)
rElec   .          Harm     .    (no cloak)
rCorr   .          Rampage  .    (no gloves)
Will    .....                    (no boots)
Stlth   ..........               (no amulet)
HPRegen 0.25/turn                (no ring)
MPRegen 0.08/turn                (no ring)

@: no status effects
A: demonic touch 1
a: no special abilities


You were on level 2 of the Dungeon.
You visited 1 branch of the dungeon, and saw 2 of its levels.

You collected 57 gold pieces.

Inventory:

Hand Weapons
 a - a +0 shortbow (weapon)
 d - a +0 dagger of venom
Armour
 k - a +0 scale mail (worn)
Wands
 m - a wand of iceblast (11)
Scrolls
 b - a scroll of immolation
 c - a scroll of magic mapping {unknown}
 f - a scroll of teleportation
 g - 2 scrolls of identify {unknown}
Potions
 e - a potion of flight {unknown}
 h - a potion of cancellation {unknown}
 i - a potion of heal wounds
 j - a potion of lignification {unknown}
 l - a potion of attraction {unknown}


   Skills:
 * Level 3.6 Fighting
 + Level 4.1 Ranged Weapons
 - Level 1.7 Dodging
 - Level 0.8 Stealth


You had 2 spell levels left.
You didn't know any spells.
Your spell library was empty.

Dungeon Overview and Level Annotations

Branches:
Dungeon (2/15)

Altars:

Annotations:
D:2 Sigmund


Innate Abilities, Weirdness & Mutations

Your touch may inflict minor irresistible damage on your foes.


Message History

Fire: a) +0 shortbow
Press: ? - help, Shift-Dir - straight line, f/p - Sigmund
Aim: Sigmund, wielding a +2 scythe of flaming and wearing a +0 robe (61% to hit)
You shoot an arrow. The arrow closely misses Sigmund.
Sigmund whispers, "You'll know eternity soon."
Sigmund closely misses you.
Fire: a) +0 shortbow
Press: ? - help, Shift-Dir - straight line, f/p - Sigmund
Aim: Sigmund, wielding a +2 scythe of flaming and wearing a +0 robe (61% to hit)
You shoot an arrow. The arrow closely misses Sigmund.
Sigmund hits you from afar with a +2 scythe of flaming.
* * * LOW HITPOINT WARNING * * *
Sigmund burns you.
* * * LOW HITPOINT WARNING * * *
Fire: a) +0 shortbow
Press: ? - help, Shift-Dir - straight line, f/p - Sigmund
Aim: Sigmund, wielding a +2 scythe of flaming and wearing a +0 robe (61% to hit)
You shoot an arrow. The arrow hits Sigmund.
Sigmund is lightly wounded.
Sigmund closely misses you.
Fire: a) +0 shortbow
Press: ? - help, Shift-Dir - straight line, f/p - Sigmund
Aim: Sigmund, wielding a +2 scythe of flaming and wearing a +0 robe (lightly wounded, 61% to hit)
You shoot an arrow.
The arrow hits Sigmund but does no damage.
Sigmund is lightly wounded.
Sigmund barely misses you.
Fire: a) +0 shortbow
Press: ? - help, Shift-Dir - straight line, f/p - Sigmund
Aim: Sigmund, wielding a +2 scythe of flaming and wearing a +0 robe (lightly wounded, 61% to hit)
You shoot an arrow. The arrow completely misses Sigmund.
Sigmund closely misses you.
Fire: a) +0 shortbow
Press: ? - help, Shift-Dir - straight line, f/p - Sigmund
Aim: Sigmund, wielding a +2 scythe of flaming and wearing a +0 robe (lightly wounded, 61% to hit)
You shoot an arrow. The arrow closely misses Sigmund.
Sigmund hits you from afar with a +2 scythe of flaming!
* * * LOW HITPOINT WARNING * * *
Sigmund burns you.
You die...

#.#
#####......#.##.......
#.#
#.....##########.##...
#.# #.....#
#......##... #.#
#.....# #.#######...
#.#
#.....#####.#####.....
#.#
##.....................
#.#
#..###@###.#.#####.....
#.#
#>.....................
#.#
####.#@....#.#####.....
#.# #.#.###.#.# #..)..
#.###########.#.....#.#
#.....
#......#....#.#.#####.#
######
######.#....#.#.# #..
#........#.# ###
#.#....###.# #.####.#
#.# #.# #.# #.#


You could see Sigmund.

Vanquished Creatures
  2 adders (D:2)
  3 dart slugs (D:1)
  9 ball pythons
  3 endoplasms
  A giant cockroach (D:1)
  5 goblins
  2 hobgoblins (D:1)
  2 kobolds (D:1)
  A bat (D:1)
  4 frilled lizards
  5 rats
37 creatures vanquished.

Notes
Turn   | Place    | Note
-------+----------+-------------------------------------------
     0 | D:1      | Crownlay the Demonspawn Hunter began the quest for the Orb.
     0 | D:1      | Reached XP level 1. HP: 16/16 MP: 1/1
   148 | D:1      | Gained mutation: Your touch may inflict minor irresistible
                  | damage on your foes. [demonic ancestry]
   148 | D:1      | Reached XP level 2. HP: 18/23 MP: 2/2
   471 | D:1      | Reached XP level 3. HP: 29/29 MP: 3/3
   780 | D:1      | Found a faded altar of an unknown god.
  1042 | D:2      | Reached skill level 4 in Ranged Weapons
  1161 | D:2      | Noticed Sigmund
  1166 | D:2      | HP: 1/29 [something (3)]
  1483 | D:2      | HP: 1/30 [Sigmund/+2 scythe of flaming (9)]
  1483 | D:2      | Slain by Sigmund

Illustrated notes

Levels and vault maps discovered:
D:1:      minmay_arrival_plants_in_alcoves, layout_loops_corners,
          shapermc_ecumenical_altar_mp_vishouse, hangedman_decor_points,
          minmay_crystal_water
D:2:      layout_basic, uniq_sigmund

Skill      XL: |  1  2  3 |
---------------+----------+-----
Fighting       | 3 |  3.6
Ranged Weapons | 4 |  4.1
Dodging        | |  1.7
Stealth        | |  0.8

Action                   || total
-------------------------++-------
Melee: Dagger            ||     4
       Touch             ||     1
 Fire: Shortbow          ||    86
  Use: Potion            ||     2
       Scroll            ||     1
Armor: Leather armour    ||     5
Dodge: Dodged            ||    20

Table legend: (Time is in decaauts)
 A = Elapsed time spent in this place.
 B = Non-inter-level travel time spent in this place.
 C = Inter-level travel time spent in this place.
 D = Time resting spent in this place.
 E = Time spent auto-exploring this place.
 F = Levels seen in this place.
 G = Mean time per level.
                   A        B        C        D        E       F      G
               +--------+--------+--------+--------+--------+-----+--------+
         Total |   1517 |   1504 |     13 |     37 |   1237 |   2 |  758.5 |
       Dungeon |   1517 |   1504 |     13 |     37 |   1237 |   2 |  758.5 |
               +--------+--------+--------+--------+--------+-----+--------+

Top non-repeatable levels by time:
     D:1: 1021 daAuts
     D:2: 495 daAuts
